 Dungeon Crawl Stone Soup version 0.13-a0-2942-g3a822f8 (webtiles) character file.

402 DaftWullie the Cutter (level 6, 0/38 HPs)
             Began as a Kobold Berserker on Sept 5, 2013.
             Was a Believer of Trog.
             Killed from afar by an orc wizard (2 damage)
             ... with a puff of flame
             ... on Level 4 of the Dungeon.
             The game lasted 00:20:44 (3216 turns).

DaftWullie the Cutter (Kobold Berserker)            Turns: 3216, Time: 00:20:44

HP   0/38        AC  4     Str 16      XL: 6   Next:  4%
MP   5/5         EV 15     Int  6      God: Trog [**....]
Gold 206         SH  0     Dex 16      Spells:  0 memorised,  5 levels left

Res.Fire  : . . .   See Invis. : .   j - +1,+0 elf short sword
Res.Cold  : . . .   Warding    : .   E - +0 leather armour
Life Prot.: . . .   Conserve   : .   (no shield)
Res.Poison: +       Res.Corr.  : .   (no helmet)
Res.Elec. : .       Clarity    : .   (no cloak)
Sust.Abil.: . .     Spirit.Shd : .   (no gloves)
Res.Mut.  : .       Stasis     : .   x - +0 pair of boots
Res.Rott. : .       Flight     : .   (no amulet)
Saprovore : + + .                    s - ring of wizardry
                                     l - ring of poison resistance

@: slightly resistant to hostile enchantments, unstealthy
A: disease resistance, carnivore 3, saprovore 2
a: Burn Spellbooks, Berserk, Trog's Hand, Renounce Religion


You were on level 4 of the Dungeon.
You worshipped Trog.
Trog was greatly pleased with you.
You were very full.

You visited 1 branch of the dungeon, and saw 5 of its levels.

You collected 186 gold pieces.

Inventory:

Hand weapons
 a - a +0,+0 short sword
 j - a +1,+0 elven short sword (weapon)
 u - a +0,+0 dagger
 A - a +0,+0 dagger
 B - a +0 blowgun
 D - a +0,+0 short sword
Missiles
 h - 49 darts (quivered)
 i - a poisoned dart
 r - 47 poisoned needles
 y - 2 curare-tipped needles
Armour
 b - a +0 animal skin
 x - a +0 pair of boots (worn)
 E - a +0 leather armour (worn)
Comestibles
 c - 2 meat rations
Scrolls
 d - 2 scrolls of noise {unknown}
 f - a scroll of enchant armour {unknown}
 g - 2 scrolls of remove curse {unknown}
 k - 2 scrolls of amnesia {unknown}
 n - a scroll of curse weapon {unknown}
 q - a scroll of curse armour {unknown}
 w - a scroll of magic mapping {unknown}
 F - a scroll of identify {unknown}
 G - a scroll of recharging {unknown}
Jewellery
 l - a ring of poison resistance (left hand)
 s - a ring of wizardry (right hand)
 v - an uncursed ring of protection from cold {unknown}
 C - a +1 ring of intelligence {unknown}
 J - an uncursed amulet of inaccuracy {unknown}
Potions
 e - 2 potions of degeneration {unknown}
 m - a potion of might {unknown}
 o - 2 potions of agility {unknown}
 p - a potion of confusion {unknown}
 t - 2 potions of mutation {unknown}
 z - 2 potions of curing {unknown}
 H - a potion of paralysis {unknown}
 I - a potion of heal wounds {unknown}


   Skills:
 + Level 3.9 Fighting
 * Level 5.9 Short Blades
 - Level 2.0 Throwing
 - Level 1.5 Armour
 + Level 4.6 Dodging
 + Level 0.4 Stealth


You had 5 spell levels left.
You didn't know any spells.

Dungeon Overview and Level Annotations

Branches:
Dungeon (5/27)
 Temple: D:4-7

Altars:
Xom
Yredelemnul
Zin
the Shining One


Innate Abilities, Weirdness & Mutations

You recuperate from illness quickly.
You are small and have problems with some larger weapons.
You are carnivorous and can eat meat at any time.
You can eat rotten meat.


Message History

You hear some strange, mumbled words.
The puff of flame misses you. The rat skeleton completely misses you.
You hit the rat skeleton.
You destroy the rat skeleton!
You hear some strange, mumbled words.
The puff of flame hits you!
* * * LOW HITPOINT WARNING * * *
It hits you but does no damage.
Things that are here:
a runed orcish whip; an orcish leather armour You barely miss it.
It barely misses you.
You barely miss it.
You hear some strange, mumbled words.
The magic dart hits you!
* * * LOW HITPOINT WARNING * * *
You miss it. You hit it.
You hear some strange, mumbled words.
The puff of flame hits you!
You die...

####### ###
........
#.#
#........
#.#
#.........
#.#
#.........#
#.#
#.........#
#.#
#.........#
#.#
#..)......#
#.#
#..@......#
#.#
#...).....#
#.#
#.........#
#.#
#.........#
#.#
#.........#
#.#
#.........#
#.#
#.........#
#.#
#......._.#
#.#
#.........#
#.#


There were no monsters in sight!

Vanquished Creatures
  2 worker ants (D:4)
  Terence (D:3)
  A worker ant zombie (D:4)
  4 adders
  3 giant geckos
  An ooze (D:4)
  2 orcs (D:4)
  3 bats
  4 giant cockroaches
  6 goblins
  8 hobgoblins
  10 jackals
  4 ball pythons
  3 giant newts
  10 kobolds
  8 rats
  A rat skeleton (D:4)
71 creatures vanquished.

Notes
Turn   | Place    | Note
--------------------------------------------------------------
     0 | D:1      | DaftWullie, the Kobold Berserker, began the quest for the Orb.
     0 | D:1      | Reached XP level 1. HP: 14/14 MP: 0/0
     7 | D:2      | Found a shimmering altar of Xom.
   252 | D:1      | Reached XP level 2. HP: 12/19 MP: 1/1
   852 | D:1      | Reached XP level 3. HP: 6/24 MP: 2/2
  1666 | D:2      | Reached skill level 5 in Short Blades
  1797 | D:2      | Reached XP level 4. HP: 22/28 MP: 3/3
  1852 | D:2      | Acquired Trog's second power
  2017 | D:3      | Noticed Terence
  2027 | D:3      | Killed Terence
  2145 | D:3      | Reached skill level 1 in Throwing
  2206 | D:3      | Found a glowing silver altar of Zin.
  2847 | D:4      | Reached XP level 5. HP: 25/33 MP: 4/4
  3022 | D:4      | Found a glowing golden altar of the Shining One.
  3050 | D:5      | Entered Level 5 of the Dungeon
  3175 | D:4      | Reached XP level 6. HP: 19/38 MP: 5/5
  3177 | D:4      | Found a basalt altar of Yredelemnul.
  3216 | D:4      | Killed from afar by an orc wizard

Action                   |  1- 3 |  4- 6 || total
-------------------------+-------+-------++-------
Melee: Short sword       |   123 |   193 ||   316
Throw: Dart              |    13 |    17 ||    30
Invok: Berserk           |     2 |     2 ||     4
 Stab: Distracted        |     1 |       ||     1
